 Dungeon Crawl Stone Soup version bcrawl-1.28.1b (webtiles) character file.

Game seed: 16910045609761699219

382223 Morbidden the Carver (level 11, -11/93 HPs)
             Began as a Pale Draconian Archaeologist on Dec 31, 2020.
             Was a High Priest of Cheibriados.
             Killed from afar by a deep elf mage (23 damage)
             ... with a bolt of lightning
             ... in a bailey.
             The game lasted 00:18:17 (9785 turns).

Morbidden the Carver (Pale Draconian Archaeologist) Turns: 9785, Time: 00:18:18

Health: -11/93     AC: 16    Str: 26    XL:     11   Next: 37%
Magic:  9/15       EV: 14    Int: 30    God:    Cheibriados [*****.]
Gold:   818        SH: 13    Dex: 21    Spells: 8/15 levels left

rFire    . . .     SeeInvis .   a - +0 scimitar (flame)
rCold    . . .     Gourm    .   N - +0 medium shield
rNeg     + + +     Faith    .   (armour unavailable)
rPois    .         Spirit   .   f - +2 hat of Ocashret {*Slow rN+++ MR++ Regen+}
rElec    .         Reflect  .   F - +1 cloak {+Inv}
rCorr    .         Harm     .   g - +2 pair of gloves
MR       ++...                  c - +1 pair of boots
Stlth    +++.......             H - amulet of magic regeneration
HPRegen  0.65/turn              (no ring)
MPRegen  0.39/turn              (no ring)

@: short of breath, very slow
A: breathe steam, unfitting armour, cold-blooded, AC +7
a: Breathe Steam, Bend Time, Temporal Distortion, Slouch, Step From Time,
Renounce Religion, Evoke Invisibility


You were in a bailey.
You worshipped Cheibriados.
Cheibriados was extremely pleased with you.
You were hungry.

You visited 2 branches of the dungeon, and saw 12 of its levels.
You also visited: Bailey.

You collected 956 gold pieces.
You spent 138 gold pieces at shops.

Inventory:

Hand Weapons
 a - a +0 scimitar of flaming (weapon)
 b - a +1 hunting sling
 z - a +1 dagger of venom
Missiles
 o - 230 poisoned tomahawks (quivered)
 A - 1079 sling bullets
Armour
 c - a +1 pair of boots (worn)
 f - the +2 hat of Ocashret (worn) {*Slow rN+++ MR++ Regen+}
   (You acquired it on level 5 of the Dungeon)

   It renders you almost immune to negative energy.
   It affects your resistance to hostile enchantments.
   It increases your rate of regeneration.
   It may slow you when you take damage.
 g - a +2 pair of gloves (worn)
 F - a +1 cloak of invisibility (worn)
 N - a +0 medium shield (worn)
Jewellery
 H - an amulet of magic regeneration (around neck)
Wands
 w - a wand of acid (5)
 x - a wand of random effects (6)
 y - a wand of polymorph (24)
 I - a wand of digging (7)
 J - a wand of paralysis (6)
Scrolls
 d - 2 scrolls of magic mapping
 i - 5 scrolls of remove curse
 k - 5 scrolls of amnesia
 l - 2 scrolls of enchant weapon
 m - 4 scrolls of teleportation
 n - 5 scrolls of identify
 p - a scroll of enchant armour
Potions
 h - 5 potions of flight {unknown}
 j - 2 potions of mutation {unknown}
 q - 4 potions of might
 r - 4 potions of heal wounds
 s - 3 potions of ambrosia {unknown}
 t - 2 potions of brilliance {unknown}
 u - a potion of curing
 B - a potion of haste {unknown}
 D - 2 potions of cancellation {unknown}
 E - 2 potions of magic {unknown}
 G - a potion of degeneration {unknown}
 L - a potion of lignification {unknown}
 M - a potion of resistance {unknown}
Comestibles
 e - 18 rations {!d}


   Skills:
 * Level 7.6 Fighting
 + Level 10.4 Long Blades
   Level 1.8 Maces & Flails
 + Level 2.2 Throwing
 * Level 9.2 Dodging
 + Level 5.6 Stealth
 + Level 0.5 Shields
 * Level 2.7 Spellcasting
 * Level 3.2 Conjurations
 * Level 2.7 Hexes
 * Level 2.9 Invocations
 + Level 0.7 Evocations


You had 8 spell levels left.
You knew the following spells:

 Your Spells              Type           Power        Failure   Level  Hunger
a - Mana Rupture          Conj/Hex       ###.......   100%        7    #######

Your spell library contained the following spells:

 Spells                   Type           Power        Failure   Level  Hunger
 Dazzling Orbs            Conj/Hex       ###....      94%         3    ####...
 Confuse                  Hex            ###.....     95%         3    ####...
 Tukima's Dance           Hex            ###.....     95%         3    ####...
 Apportation              Tloc           #.....       96%         1    None
 Summon Butterflies       Summ           #.......     96%         1    None
 Beckoning                Tloc           #.........   100%        3    ####...
 Recall                   Summ/Tloc      N/A          100%        3    ####...
 Animate Dead             Necr           N/A          100%        4    #####..
 Petrify                  Tmut/Erth      #.........   100%        4    #####..
 Yara's Violent Unravell  Hex/Tmut       ##........   100%        4    #####..
 Metabolic Englaciation   Hex/Ice        ##........   100%        5    #######
 Borgnjor's Vile Clutch   Necr/Erth      #.........   100%        6    #######
 Death Channel            Chrm/Necr      #.........   100%        6    #######
 Invisibility             Hex            ###.....     100%        6    #######
 Simulacrum               Ice/Necr       #.........   100%        6    #######


Dungeon Overview and Level Annotations

Branches:
Dungeon (11/12)            Temple (1/1) D:4            Lair (0/6) D:7
    Orc: D:8-11      Vaults: D:11-12

Altars:
Ashenzari
Cheibriados
Dithmenos
Elyvilon
Fedhas
Gozag
Hepliaklqana
Kikubaaqudgha
Lugonu
Makhleb
Nemelex Xobeh
Okawaru
Qazlal
Ru
Sif Muna
Trog
Uskayaw
Vehumet
Wu Jian
Xom
Yredelemnul
Zin
The Shining One

Shops:
D:4 !   D:9 [


Innate Abilities, Weirdness & Mutations

You can breathe blasts of scalding, opaque steam.
Your pale cyan-grey scales are hard. (AC +7)
You cannot fit into any form of body armour.
You are cold-blooded and may be slowed by cold attacks.


Message History

No path to travel!
No path to travel!
You can feel time thicken for a moment.
You kill the deep elf mage!
Cheibriados appreciates the change of pace.
No path to travel!
No path to travel!
Throwing (i - inventory)
o - 231 poisoned tomahawks (quivered)
Press: ? - help, Shift-Dir - straight line, f - deep elf mage
Aim: a deep elf mage, wielding a +0 long sword (heavily wounded)
You throw a poisoned tomahawk.
The poisoned tomahawk closely misses the deep elf mage.
The deep elf mage is engulfed in a cloud of scalding steam.
The deep elf mage casts a spell at you. The bolt of magma hits you!!
The deep elf mage points at you and mumbles some strange words.
The bolt of lightning hits you!!
* * * LOW HITPOINT WARNING * * *
The bolt of lightning hits you!!
You die...

##.. #.e..
#.... ....
*.# #e#####
#)...##
#.§e..#
#..@..#
#.....#
##...###
####'##..##
##...##..).#
#.....#....#
#..∩..##..##
##...######
#####


You could see 2 deep elf magi.

Vanquished Creatures
  Erica (D:8)
  An orc knight (D:10)
  3 deep elf magi (Bailey)
  Maurice (D:8)
  A komodo dragon (D:7)
  A queen bee (D:8)
  2 trolls
  Grinder (D:4)
  2 hippogriffs
  A shadow (D:7)
  4 yaks (D:9)
  A hungry ghost (D:10)
  A water moccasin (D:7)
  2 orc warriors
  5 sky beasts
  A black bear (D:6)
  An eye of draining (D:9)
  2 necrophages
  3 ogres
  3 phantoms
  2 centaurs
  5 bullfrogs
  2 big kobolds
  21 killer bees
  3 wights (D:8)
  4 howler monkeys
  4 centaur zombies
  2 crimson imps
  4 hounds
  3 jellies
  2 bullfrog skeletons
  5 orc priests
  8 orc wizards
  4 centaur skeletons
  A gnoll shaman (D:10)
  2 iguanas
  Ijyb (D:5)
  6 worker ants
  A killer bee zombie (D:7)
  2 hound zombies
  6 adders
  A howler monkey skeleton (D:5)
  6 gnolls
  2 shadow imps
  An ooze (D:3)
  3 worms
  2 dart slugs
  6 leopard geckos
  24 orcs
  7 giant cockroaches
  3 goblins
  7 hobgoblins
  10 jackals
  5 quokkas
  A ball python (D:3)
  3 bats
  5 frilled lizards
  18 kobolds
  8 rats
237 creatures vanquished.

Vanquished Creatures (others)
  10 plants (D:7)
10 creatures vanquished.

Grand Total: 247 creatures vanquished

Notes
Turn   | Place    | Note
-------+----------+-------------------------------------------
     0 | D:1      | Morbidden the Draconian Archaeologist began the quest for
                  | the Orb.
     0 | D:1      | Reached XP level 1. HP: 16/16 MP: 1/1
   219 | D:1      | Reached XP level 2. HP: 19/23 MP: 2/2
   973 | D:2      | Reached XP level 3. HP: 28/28 MP: 3/3
  1114 | D:2      | Found a glowing silver altar of Zin.
  1815 | D:3      | Reached XP level 4. HP: 15/35 MP: 4/4
  2637 | D:4      | Found Kaoz Appineh's Distillery.
  2652 | D:4      | Reached skill level 1 in Long Blades
  2680 | D:4      | Bought a potion of curing for 30 gold pieces
  2680 | D:4      | Bought a potion of heal wounds for 60 gold pieces
  2680 | D:4      | Bought a potion of might for 48 gold pieces
  2794 | D:4      | Noticed Grinder
  2797 | D:5      | Entered Level 5 of the Dungeon
  2835 | D:5      | Reached XP level 5. HP: 39/41 MP: 5/5
  2835 | D:5      | Identified a scroll of acquirement
  2835 | D:5      | Identified the +2 hat of Ocashret {*Slow rN+++ MR++ Regen+}
                  | (You acquired it on level 5 of the Dungeon)
  2835 | D:5      | Identified the amulet "Ceosk" {Acrobat Fragile rElec rC++
                  | MR+} (You acquired it on level 5 of the Dungeon)
  2906 | D:5      | Reached skill level 2 in Long Blades
  3200 | D:5      | Reached skill level 3 in Long Blades
  3200 | D:5      | Reached XP level 6. HP: 40/50 MP: 6/6
  3719 | D:4      | Noticed a sky beast
  3895 | D:4      | Found a staircase to the Ecumenical Temple.
  3916 | D:4      | Killed a sky beast
  3917 | D:4      | Reached skill level 4 in Long Blades
  3922 | Temple   | Entered the Ecumenical Temple
  3930 | Temple   | Became a worshipper of Cheibriados the Contemplative
  4006 | D:4      | Killed Grinder
  4007 | D:4      | Your scales start taking on a pale cyan-grey colour.
  4007 | D:4      | Reached XP level 7. HP: 51/57 MP: 7/7
  4208 | D:5      | Noticed Ijyb
  4212 | D:5      | Killed Ijyb
  4213 | D:5      | Reached skill level 5 in Long Blades
  4421 | D:5      | Reached skill level 5 in Dodging
  4490 | D:5      | Found a bloodstained altar of Trog.
  4548 | D:5      | Reached skill level 6 in Long Blades
  4548 | D:5      | Reached XP level 8. HP: 66/66 MP: 8/8
  4572 | D:5      | Reached * piety under Cheibriados
  5171 | D:6      | Reached skill level 7 in Long Blades
  5269 | D:6      | Reached ** piety under Cheibriados
  5538 | D:6      | Reached skill level 5 in Fighting
  5538 | D:6      | Reached XP level 9. HP: 66/74 MP: 9/9
  5629 | D:6      | Reached skill level 8 in Long Blades
  6172 | D:7      | Noticed a troll
  6176 | D:7      | Noticed a komodo dragon
  6184 | D:7      | Killed a troll
  6189 | D:7      | Reached *** piety under Cheibriados
  6221 | D:7      | Killed a komodo dragon
  6222 | D:7      | Reached skill level 9 in Long Blades
  6513 | D:7      | Found a staircase to the Lair.
  6632 | D:7      | Reached XP level 10. HP: 79/84 MP: 10/10
  6962 | D:7      | Found a blossoming altar of Fedhas.
  7149 | D:7      | Learned a level 7 spell: Mana Rupture
  7218 | D:8      | Noticed Maurice
  7372 | D:8      | Killed Maurice
  7559 | D:8      | Found a shadowy altar of Dithmenos.
  7560 | D:8      | Found a hazy altar of Hepliaklqana.
  7742 | D:8      | Reached skill level 1 in Throwing
  7742 | D:8      | Reached **** piety under Cheibriados
  7753 | D:8      | Reached skill level 5 in Stealth
  7753 | D:8      | Reached skill level 1 in Spellcasting
  7753 | D:8      | Reached skill level 1 in Conjurations
  7753 | D:8      | Reached skill level 1 in Hexes
  7902 | D:8      | Noticed Erica
  7922 | D:8      | Killed Erica
  7923 | D:8      | Reached skill level 10 in Long Blades
  7923 | D:8      | Reached skill level 1 in Invocations
  8747 | D:9      | Reached ***** piety under Cheibriados
  8926 | D:9      | Reached XP level 11. HP: 74/92 MP: 14/14
  8966 | D:9      | Found Vyuqeog's Antique Armour Shoppe.
  9037 | D:9      | Found a stormy altar of Qazlal.
  9037 | D:9      | Found an ornate altar of the Wu Jian Council.
  9257 | D:10     | Entered Level 10 of the Dungeon
  9304 | D:10     | Noticed an orc knight
  9304 | D:10     | Noticed an orc knight
  9304 | D:10     | Noticed an orc knight
  9576 | D:10     | Killed an orc knight
  9717 | D:11     | Found a flagged portal.
  9754 | Bailey   | Entered a bailey
  9760 | Bailey   | Noticed a deep elf mage
  9766 | Bailey   | Killed a deep elf mage
  9777 | Bailey   | Noticed a deep elf mage
  9777 | Bailey   | Noticed a deep elf mage
  9777 | Bailey   | Noticed a deep elf mage
  9780 | Bailey   | Killed a deep elf mage
  9780 | Bailey   | Noticed a deep elf mage
  9784 | Bailey   | Killed a deep elf mage
  9785 | Bailey   | Killed from afar by a deep elf mage

Skill      XL: |  1  2  3  4  5  6  7  8  9 10 11 |
---------------+----------------------------------+-----
Dodging        | 3 4 5 6 7 8 9 |  9.2
Fighting       | 2 3 5 6 7 |  7.6
Long Blades    | 1 3 4 6 7 9 10 | 10.4
Stealth        | 4 5 |  5.6
Throwing       | 2 |  2.2
Spellcasting   | 2 |  2.7
Conjurations   | 2 3 |  3.2
Hexes          | 2 |  2.7
Invocations    | 2 |  2.9
Maces & Flails | |  1.8
Shields        | |  0.5
Evocations     | |  0.7

Action                   |  1- 3 |  4- 6 |  7- 9 | 10-12 || total
-------------------------+-------+-------+-------+-------++-------
Melee: Whip              |   195 |     6 |       |       ||   201
       Tailslap          |    22 |    17 |    45 |    43 ||   127
       Falchion          |       |   216 |   363 |   112 ||   691
       Scimitar          |       |       |       |   105 ||   105
 Fire: Hunting sling     |       |       |       |     2 ||     2
Throw: Tomahawk          |       |       |     4 |    32 ||    36
Invok: Slouch            |       |       |       |     1 ||     1
 Abil: Breathe Steam     |       |       |    21 |    22 ||    43
       Evoke Invisibilit |       |       |       |     1 ||     1
Evoke: Wand              |       |       |       |     2 ||     2
  Use: Scroll            |     2 |     2 |     5 |     6 ||    15
       Potion            |       |       |     1 |       ||     1
 Stab: Sleeping          |    11 |     4 |     4 |     6 ||    25
       Distracted        |       |     1 |       |     1 ||     2
       Paralysed         |       |       |       |     2 ||     2
  Eat: Chunk             |     7 |    13 |     5 |     9 ||    34
       Ration            |       |       |     3 |     1 ||     4
Armor: Skin              |    71 |    85 |   150 |    57 ||   363
Dodge: Dodged            |   119 |   124 |   275 |   158 ||   676
Block: Other             |       |     4 |    21 |    27 ||    52
       Medium shield     |       |       |       |     7 ||     7
